 Dungeon Crawl Stone Soup version 0.31.0-12-g77e489cdc1 (webtiles) character file.

Game seed: 3063376204713840162

5 monsoonserge the Ruffian (level 1, 0/16 HPs)
             Began as a Gnoll Shapeshifter on Feb 26, 2024.
             Frozen to death by an endoplasm (4 damage)
             ... on level 1 of the Dungeon.
             The game lasted 00:00:19 (40 turns).

monsoonserge the Ruffian (Gnoll Shapeshifter)         Turns: 40, Time: 00:00:21

Health: 0/16       AC:  0    Str: 13    XL:     1   Next: 80%
Magic:  1/1        EV: 17    Int:  9    God:
Gold:   8          SH:  0    Dex: 11    Spells: 0/0 levels left

rFire   . .          .
                       - Unarmed
rCold   . . .        (shield currently unavailable)
rNeg    . . .        a - melded +0 animal skin
rPois   .            (no helmet)
rElec   .            (no cloak)
rCorr   .            (no gloves)
SInv    .            (no boots)
Will    .....        (no amulet)
Stlth   +            (no ring)
HPRegen 0.22/turn    (no ring)
MPRegen 0.07/turn

%: no passive effects
@: flux-form, glowing
A: glow, contaminating, reduced hp, fangs 1, strong nose, distributed training
a: Begin Untransformation


You were on level 1 of the Dungeon.
You were something dangerously unstable.
You visited 1 branch of the dungeon, and saw 1 of its levels.

You collected 8 gold pieces.

Inventory:

Armour
 a - a +0 animal skin (melded)
Talismans
 c - a beast talisman
 d - a flux talisman (active)
Scrolls
 e - a scroll of fog {unknown}
Potions
 b - a potion of lignification
 f - a potion of berserk rage {unknown}


   Skills:
 + Level 2.4 Fighting
 + Level 0.1 Short Blades
 + Level 0.1 Long Blades
 + Level 0.1 Axes
 + Level 0.1 Maces & Flails
 + Level 0.1 Polearms
 + Level 0.1 Staves
 + Level 0.1 Ranged Weapons
 + Level 0.1 Throwing
 + Level 0.1 Armour
 + Level 4.4 Dodging
 + Level 0.1 Stealth
 + Level 0.1 Shields
 + Level 6.4 Unarmed Combat
 + Level 0.1 Spellcasting
 + Level 0.1 Conjurations
 + Level 0.1 Hexes
 + Level 0.1 Summonings
 + Level 0.1 Necromancy
 + Level 0.1 Translocations
 + Level 0.1 Fire Magic
 + Level 0.1 Ice Magic
 + Level 0.1 Air Magic
 + Level 0.1 Earth Magic
 + Level 0.1 Alchemy
 + Level 0.2 Invocations
 + Level 0.1 Evocations
 + Level 6.4 Shapeshifting


You couldn't memorise any spells.
You didn't know any spells.
Your spell library was empty.

Dungeon Overview and Level Annotations

Branches:
Dungeon (1/15)

Altars:


Innate Abilities, Weirdness & Mutations

You are something dangerously unstable.
You glow with magical radiation, making you easy to see and hit.
Foes you strike become dangerously contaminated with magical radiation.
Your maximum health is decreased, since you lack skill for your form.
You are incapable of wielding weapons or throwing items.
You have very sharp teeth.
Your uncanny sense of smell can sniff out nearby items.
Your experience applies equally to all skills.


Message History

The bat hits you.
You see here a scroll labelled YLEOQ KANIZEP.
A ball python and a hobgoblin come into view.
The bat hits you.
You closely miss the kobold.
A hobgoblin comes into view.
The kobold closely misses you.
You closely miss the bat.
The bat is moderately wounded.
The hobgoblin shouts!
The bat misses you. The kobold hits you with a +0 whip.
You hit the goblin.
The goblin begins to glow.
You bite the goblin.
You kill the goblin!
The bat hits you. The kobold hits you with a +0 whip.
You are too injured to fight recklessly!
An endoplasm comes into view.
The endoplasm quivers.
The kobold attacks as it pursues you! The kobold closely misses you.
You see here a scroll labelled YLEOQ KANIZEP.
You are too injured to fight recklessly!
You are too injured to fight recklessly!
You are too injured to fight recklessly!
You are too injured to fight recklessly!
You hit the bat.
The bat glows dangerously bright.
The bat is heavily wounded.
The bat hits you.
You hit the kobold but do no damage.
The kobold begins to glow.
Your bite misses the kobold. The kobold completely misses you.
You hit the kobold.
You kill the kobold!
The bat closely misses you.
You punch the bat!
You kill the bat!
You hit the endoplasm.
The endoplasm begins to glow.
The endoplasm is heavily wounded.
The hobgoblin hits you.
* * * LOW HITPOINT WARNING * * *
The endoplasm freezes you.
You are frozen.
You die...

w..................
######.......###....
#.......###.##.
####...[.......#
..........######
.######....#
.......Sg).# ∆
#######g#..#
#p#..g.. #J###.....
..# ..... #.## .....
#. .... #. ... #. #.


You could see an endoplasm (contam), 2 hobgoblins and a ball python.

Vanquished Creatures
  A bat (D:1)
  A goblin (D:1)
  A kobold (D:1)
  A quokka (D:1)
4 creatures vanquished.

Notes
Turn   | Place    | Note
-------+----------+-------------------------------------------
     0 | D:1      | monsoonserge the Gnoll Shapeshifter began the quest for the
                  | Orb.
     0 | D:1      | Reached XP level 1. HP: 17/17 MP: 1/1
    40 | D:1      | Frozen to death by an endoplasm

Illustrated notes

Levels and vault maps discovered:
D:1:      dpeg_arrival_pond, layout_rooms, shapermc_ecumenical_altar_notcrosses

Action                     || total
---------------------------++-------
  Melee: Unarmed           ||    10
         Bite              ||     2
 Armour: Skin              ||     8
  Dodge: Dodged            ||     7
   Form: Flux              ||     1
